 Dungeon Crawl Stone Soup version 0.19.1 (webtiles) character file.

56 Monsterracer the Conjurer (level 3, -8/19 HPs)
             Began as a Tengu Conjurer on Nov 24, 2016.
             Splashed by Ijyb's acid (15 damage)
             ... on level 2 of the Dungeon.
             The game lasted 00:03:06 (1324 turns).

Monsterracer the Conjurer (Tengu Conjurer)          Turns: 1324, Time: 00:03:10

Health: -8/19      AC: -2    Str:  8    XL:     3   Next: 97%
Magic:  1/7        EV: 12    Int: 16    God:
Gold:   60         SH:  0    Dex: 14    Spells: 2 memorised, 3 levels left

rFire  . . .     SeeInvis .     f - +1 dagger (protect)
rCold  . . .     Gourm    .     a - +0 robe
rNeg   . . .     Faith    .     (no shield)
rPois  .         Spirit   .     (helmet restricted)
rElec  .         Reflect  .     (no cloak)
rCorr  .         Harm     .     (no gloves)
MR     .....                    (boots unavailable)
Stlth  ++........               (no amulet)
                                (no ring)
                                o - ring of wizardry

@: corroded
A: beak, talons 3
a: no special abilities


You were on level 2 of the Dungeon.
You were not hungry.

You visited 1 branch of the dungeon, and saw 2 of its levels.

You collected 60 gold pieces.

Inventory:

Hand Weapons
 f - a +1 dagger of protection (weapon)
Armour
 a - a +0 robe (worn)
Jewellery
 d - an uncursed ring of ice
 o - a ring of wizardry (left hand)
Scrolls
 e - a scroll of teleportation {unknown}
 h - a scroll of enchant weapon {unknown}
 i - a scroll of recharging {unknown}
 j - a scroll of fog {unknown}
 k - a scroll of remove curse {unknown}
 l - a scroll of noise {unknown}
 m - a scroll of immolation {unknown}
Potions
 p - a potion of might
Books
 b - a book of Conjurations

   Spells                             Type                      Level
   a - Magic Dart                     Conjuration                  1
   b - Searing Ray                    Conjuration                  2
   c - Dazzling Spray                 Conjuration/Hexes            3
   d - Fulminant Prism                Conjuration/Hexes            4
   e - Iskenderun's Mystic Blast      Conjuration                  4
   f - Iskenderun's Battlesphere      Conjuration/Charms           5
Comestibles
 c - a bread ration
 g - a meat ration
 n - a beef jerky


   Skills:
 - Level 2.1 Dodging
 - Level 2.0 Stealth
 - Level 2.0 Spellcasting
 + Level 7.2 Conjurations


You had 3 spell levels left.
You knew the following spells:

 Your Spells              Type           Power        Failure   Level  Hunger
a - Magic Dart            Conj           ###.         1%          1    #......
b - Searing Ray           Conj           ###...       1%          2    ###....


Dungeon Overview and Level Annotations

Branches:
Dungeon (2/15)

Altars:

Annotations:
D:2 Ijyb


Innate Abilities, Weirdness & Mutations

You have a beak for a mouth.
You have claws for feet.


Message History

Press: ? - help, Shift-Dir - straight line, f/p - Ijyb
Aim: Ijyb (lightly wounded)
The magic dart hits Ijyb.
Ijyb is lightly wounded.
An adder comes into view.
Casting: Magic Dart
Confirm with . or Enter, or press ? or * to list all spells.
Aiming: Searing Ray
Press: ? - help, Shift-Dir - straight line, f/p - Ijyb
Aim: Ijyb (lightly wounded)
The searing ray hits Ijyb.
Ijyb is lightly wounded.
The searing ray misses Ijyb.
The searing ray hits Ijyb.
Ijyb is heavily wounded.
Ijyb zaps a wand.
The bolt of acid hits you!
Ouch! That really hurt!
The acid corrodes you!
You are splashed with acid!
The acid burns!
Ouch! That really hurt!
You die...

###...##.......###
#.....##.##....... #
#.#...##.##.##.###
#.##.##........##.# #
#..)....###.#####.###
####.#### #.#####.##.
#.# #.......#.# ##.##
#### ##.## #.@.#
######.## #.....#
#......# #...g...#
#......##
#.........###.....#.##
##...S...###.........#
##.....## #........#.
##....# #.##.......
##.#.# #.#####..##
#..........


You could see Ijyb and an adder.

Vanquished Creatures
  2 adders (D:2)
  2 worms (D:2)
  A dart slug (D:1)
  2 leopard geckos
  2 giant cockroaches
  5 goblins (D:1)
  3 hobgoblins
  4 kobolds
  A quokka (D:1)
  3 bats (D:1)
  3 rats
28 creatures vanquished.

Notes
Turn   | Place    | Note
-------+----------+-------------------------------------------
     0 | D:1      | Monsterracer the Tengu Conjurer began the quest for the Orb.
     0 | D:1      | Reached XP level 1. HP: 10/10 MP: 4/4
   274 | D:1      | Reached XP level 2. HP: 15/15 MP: 4/6
   278 | D:1      | Learned a level 2 spell: Searing Ray
   424 | D:1      | Reached skill level 6 in Conjurations
   820 | D:1      | Reached XP level 3. HP: 19/19 MP: 4/7
  1257 | D:2      | Reached skill level 7 in Conjurations
  1318 | D:2      | Noticed Ijyb
  1324 | D:2      | Splashed by Ijyb's acid

Skill      XL: |  1  2  3 |
---------------+----------+-----
Conjurations   | 6 7 |  7.2
Dodging        | |  2.1
Stealth        | |  2.0
Spellcasting   | |  2.0

Action                   || total
-------------------------++-------
Melee: Unarmed           ||     5
       Kick              ||    10
       Peck              ||     5
       Dagger            ||    17
 Cast: Magic Dart        ||    52
       Searing Ray       ||     2
  Use: Potion            ||     3
  Eat: Chunk             ||     2
Armor: Robe              ||     3
Dodge: Dodged            ||    11
